 Dungeon Crawl Stone Soup version 0.25.0-11-g1f837a76a1 (webtiles) character file.

Game seed: 6338315439690079627

3857 Esekla the Firebug (level 9, -2/73 HPs)
             Began as a Deep Dwarf Fire Elementalist on June 25, 2020.
             Was an Elder of Makhleb.
             Shot with a bolt by an orc warrior (14 damage)
             ... in a bailey.
             The game lasted 01:16:58 (8160 turns).

Esekla the Firebug (Deep Dwarf Fire Elementalist)   Turns: 8160, Time: 01:16:59

Health: -2/73      AC:  9    Str: 12    XL:     9   Next: 99%
Magic:  5/15       EV: 13    Int: 22    God:    Makhleb [****..]
Gold:   458        SH:  5    Dex: 13    Spells: 8/19 levels left

rFire    + + +     SeeInvis .   O - +4 scimitar (freeze) (curse)
rCold    x . .     Gourm    .   (no shield)
rNeg     . . .     Faith    .   F - +3 leather armour "Geigaemn" {rElec rF++ Str-5 Stlth+}
rPois    .         Spirit   .   (no helmet)
rElec    +         Reflect  +   b - +2 cloak
rCorr    .         Harm     .   (no gloves)
MR       +....                  (no boots)
Stlth    ++++......             l - amulet of reflection
HPRegen  0.00/turn              f - ring of fire
MPRegen  0.14/turn              q - +6 ring of strength

@: very slightly contaminated, non-regenerating
A: damage resistance, heal wounds, claws 1, clever 1, sense surroundings 2,
evolution 1, no potion heal 1, MP-powered wands, no regeneration
a: Heal Wounds, Minor Destruction, Lesser Servant of Makhleb, Major Destruction,
Renounce Religion


You were in a bailey.
You worshipped Makhleb.
Makhleb was greatly pleased with you.
You were not hungry.

You visited 2 branches of the dungeon, and saw 10 of its levels.
You also visited: Bailey.

You collected 534 gold pieces.
You spent 76 gold pieces at shops.

Inventory:

Hand Weapons
 a - a +3 battleaxe of freezing
 j - a +0 spear
 v - a +0 dagger of venom
 E - a +0 vorpal hand axe
 J - a cursed +3 short sword of freezing
 O - a cursed +4 scimitar of freezing (weapon)
Missiles
 y - 36 poisoned darts (quivered)
 H - 2 javelins
Armour
 b - a +2 cloak (worn)
 F - the +3 leather armour "Geigaemn" (worn) {rElec rF++ Str-5 Stlth+}
   (You found it on level 6 of the Dungeon)

   It affects your strength (-5).
   It greatly protects you from fire.
   It insulates you from electricity.
   It makes you more stealthy.
 K - a +1 robe of magic resistance
Jewellery
 f - a ring of fire (left claw)
 l - an amulet of reflection (around neck)
 q - a +6 ring of strength (right claw)
 z - an uncursed ring of protection from fire
Wands
 r - a wand of clouds (7)
 C - a wand of acid (11)
 P - a wand of random effects (18)
Scrolls
 g - 3 scrolls of fog {unknown}
 h - 3 scrolls of remove curse
 i - 2 scrolls of fear {unknown}
 k - 2 scrolls of enchant weapon {unknown}
 t - 4 scrolls of amnesia
 u - 2 scrolls of magic mapping
 x - 3 scrolls of random uselessness {unknown}
 B - a scroll of enchant armour {unknown}
 D - 3 scrolls of teleportation {unknown}
 I - 3 scrolls of identify
 M - a scroll of holy word {unknown}
 N - a scroll of immolation {unknown}
Potions
 d - 2 potions of stabbing
 e - a potion of flight
 m - 4 potions of invisibility
 n - a potion of berserk rage
 o - a potion of brilliance
 p - 2 potions of curing
 s - 3 potions of lignification
 w - a potion of mutation
 A - a potion of cancellation
 G - a potion of heal wounds
 L - a potion of ambrosia
Comestibles
 c - 13 rations


   Skills:
 + Level 2.0 Fighting
 + Level 2.1(3.5) Short Blades
 * Level 4.6(4.9) Long Blades
 * Level 5.1 Armour
 + Level 4.3 Dodging
 + Level 4.9 Stealth
 * Level 5.8 Spellcasting
 * Level 5.3 Conjurations
 * Level 6.5 Fire Magic


You had 8 spell levels left.
You knew the following spells:

 Your Spells              Type           Power        Failure   Level  Hunger
a - Foxfire               Conj/Fire      ####         1%          1    None
b - Fireball              Conj/Fire      #####.....   28%         5    #####..
i - Corona                Hex            #......      12%         1    None
y - Sticky Flame          Conj/Fire      #####...     10%         4    ####...

Your spell library contained the following spells:

 Spells                   Type           Power        Failure   Level  Hunger
 Conjure Flame            Conj/Fire      #####...     3%          3    ##.....
 Inner Flame              Hex/Fire       ####....     9%          3    ##.....
 Dazzling Flash           Conj/Hex       ###...       12%         3    ##.....
 Ensorcelled Hibernation  Hex/Ice        #.....       19%         2    None
 Confusing Touch          Hex            #.......     34%         3    ##.....
 Tukima's Dance           Hex            #.......     34%         3    ##.....


Dungeon Overview and Level Annotations

Branches:
Dungeon (9/15)             Temple (1/1) D:5          Bailey (1/1)
   Lair: D:8-11         Orc: D:9-12

Altars:
Ashenzari
Cheibriados
Dithmenos
Elyvilon
Fedhas
Gozag
Hepliaklqana
Kikubaaqudgha
Makhleb
Nemelex Xobeh
Okawaru
Qazlal
Ru
Sif Muna
Trog
Uskayaw
Vehumet
Wu Jian
Xom
Yredelemnul
Zin
The Shining One

Shops:
D:6 ?

Annotations:
D:7 Joseph, Menkaure


Innate Abilities, Weirdness & Mutations

You are resistant to damage.
You can heal yourself by infusing magical energy.
You passively map the area around you.
You do not regenerate.
You have sharp fingernails.
Your mind is acute. (Int +2)
You evolve.
Potions are less effective at restoring your health.
You expend magic power (3 MP) to strengthen your wands.


Message History

Press: ? - help, Shift-Dir - straight line, f - orc warrior
Aim: an orc warrior, wielding a +0 arbalest, wearing a +0 ring mail and quivering 17 bolts (moderately wounded)
You feel a surge of power!
You miscast Fireball.
You are very lightly contaminated with residual magic.
There is a sudden and violent explosion of flames.
You resist.
The orc warrior shoots a bolt.
The bolt barely misses you.
Casting: Fireball (quite dangerous; 28% risk of failure)
Confirm with . or Enter, or press ? or * to list all spells.
You don't know that spell.
Casting: Fireball (quite dangerous; 28% risk of failure)
Confirm with . or Enter, or press ? or * to list all spells.
The spell is quite dangerous to cast (28% risk of failure)!
Continue anyway?
Aiming: Fireball (quite dangerous; 28% risk of failure)
Press: ? - help, Shift-Dir - straight line, f/p - orc warrior
Aim: an orc warrior, wielding a +0 arbalest, wearing a +0 ring mail and quivering 16 bolts (moderately wounded)
You feel a surge of power!
The fireball explodes!
The fireball engulfs the orc warrior!
The orc warrior is almost dead.
The orc warrior shoots a bolt.
The bolt hits you!
You die...

#........... , *
#.......≈≈≈ , ***
#......≈≈# # ,
#......≈##.∩ ,, ,
#......≈))^. ≈
,,, , ,
#......≈## # ≈. ,
#...(..≈≈#o#≈≈. ,
, ,
#.......≈§§§≈..,,
#...(.@........ ,
#...((.........
,,
#..(.(.........
,,, ,
#..((.......... ,
#.∩............,
, ,
#∩............. ,
############### *


You could see an orc warrior.

Vanquished Creatures
  Grinder (D:4)
  2 hippogriffs
  Prince Ribbit (D:5)
  Duvessa (D:7)
  A sky beast (D:8)
  5 orc warriors
  A black bear (D:6)
  An ice beast (D:8)
  A necrophage (D:9)
  A phantom (D:5)
  2 ogres
  A centaur (D:5)
  A big kobold (D:9)
  2 bullfrogs (D:6)
  Dowan (D:7)
  6 killer bees (D:8)
  9 wights
  A crimson imp (D:7)
  3 hounds
  4 jellies
  2 bullfrog skeletons (D:8)
  An orc priest (D:7)
  6 orc wizards
  2 iguanas (D:6)
  4 worker ants
  A hound zombie (D:6)
  A howler monkey skeleton (D:8)
  A worker ant zombie (D:6)
  8 adders
  3 gnolls (D:6)
  4 shadow imps
  6 oozes
  2 adder zombies
  2 dart slugs (D:1)
  A worm (D:3)
  4 leopard geckos
  19 orcs
  11 bats
  6 giant cockroaches
  10 hobgoblins
  15 jackals
  4 quokkas
  6 frilled lizards
  6 goblins
  7 kobolds
  A leopard gecko skeleton (D:6)
  12 rats
190 creatures vanquished.

Vanquished Creatures (others)
  A kobold (D:9)
  489 foxfires
490 creatures vanquished.

Grand Total: 680 creatures vanquished

Notes
Turn   | Place    | Note
-------+----------+-------------------------------------------
     0 | D:1      | Esekla the Deep Dwarf Fire Elementalist began the quest for
                  | the Orb.
     0 | D:1      | Reached XP level 1. HP: 15/15 MP: 3/3
   293 | D:2      | Reached skill level 1 in Conjurations
   293 | D:2      | Reached XP level 2. HP: 22/24 MP: 0/5
   640 | D:2      | Found a sacrificial altar of Ru.
   663 | D:2      | Reached XP level 3. HP: 21/30 MP: 4/6
  1680 | D:5      | Entered Level 5 of the Dungeon
  1840 | D:4      | Found a basalt altar of Yredelemnul.
  1916 | D:4      | Reached skill level 1 in Fighting
  1916 | D:4      | Reached skill level 1 in Short Blades
  1941 | D:4      | Reached XP level 4. HP: 26/38 MP: 1/7
  2068 | D:5      | Found a staircase to the Ecumenical Temple.
  2068 | D:5      | Noticed a centaur
  2088 | D:5      | Killed a centaur
  2088 | D:5      | Reached skill level 1 in Armour
  2088 | D:5      | Reached XP level 5. HP: 21/44 MP: 7/7
  2134 | Temple   | Entered the Ecumenical Temple
  2229 | Temple   | Became a worshipper of Makhleb the Destroyer
  2252 | D:5      | Learned a level 4 spell: Sticky Flame
  2943 | D:1      | Reached * piety under Makhleb
  3435 | D:3      | Reached skill level 3 in Fire Magic
  3621 | D:3      | Reached XP level 6. HP: 9/51 MP: 2/9
  3953 | D:4      | Noticed Grinder
  3964 | D:4      | Killed Grinder
  3964 | D:4      | Reached skill level 1 in Long Blades
  3998 | D:4      | Reached XP level 7. HP: 54/57 MP: 0/10
  4303 | D:5      | Learned a level 1 spell: Corona
  4463 | D:5      | Reached skill level 4 in Fire Magic
  4963 | D:5      | Noticed Prince Ribbit
  5024 | D:5      | Reached ** piety under Makhleb
  5155 | D:5      | Killed Prince Ribbit
  5306 | D:6      | Reached XP level 8. HP: 41/64 MP: 0/12
  5533 | D:6      | Learned a level 5 spell: Fireball
  5815 | D:6      | Gained mutation: Your mind is acute. (Int +2) [potion of
                  | mutation]
  5815 | D:6      | Gained mutation: You evolve. [potion of mutation]
  5815 | D:6      | Gained mutation: Potions are less effective at restoring
                  | your health. [potion of mutation]
  5815 | D:6      | Gained mutation: You have sharp fingernails. [potion of
                  | mutation]
  5846 | D:6      | Found a shimmering altar of Xom.
  5863 | D:6      | Reached skill level 5 in Fire Magic
  5868 | D:6      | Found Bupreuhe's Magic Scroll Shop.
  5878 | D:6      | Bought a scroll of magic mapping for 38 gold pieces
  5878 | D:6      | Bought a scroll of amnesia for 38 gold pieces
  5913 | D:6      | Found an ornate altar of the Wu Jian Council.
  6041 | D:6      | Got a fading leather armour
  6123 | D:5      | Identified the +3 leather armour "Geigaemn" {rElec rF++
                  | Str-5 Stlth+} (You found it on level 6 of the Dungeon)
  6407 | D:7      | Noticed Joseph
  6520 | D:7      | Reached *** piety under Makhleb
  6540 | D:7      | Noticed Dowan
  6543 | D:7      | Noticed Duvessa
  6570 | D:7      | Killed Dowan
  6571 | D:7      | Killed Duvessa
  6571 | D:7      | Reached skill level 5 in Spellcasting
  6571 | D:7      | Gained mutation: You passively map the area around you.
                  | [Deep Dwarf growth]
  6571 | D:7      | Reached XP level 9. HP: 28/73 MP: 2/14
  6697 | D:7      | Noticed Menkaure
  6762 | D:8      | Found a radiant altar of Vehumet.
  7159 | D:8      | Found a glowing silver altar of Zin.
  7198 | D:8      | Reached skill level 6 in Fire Magic
  7490 | D:8      | Reached skill level 5 in Conjurations
  7812 | D:9      | Noticed a brown ugly thing
  7829 | D:9      | Reached **** piety under Makhleb
  7851 | D:9      | Reached skill level 5 in Armour
  7870 | D:9      | Found a bloodstained altar of Trog.
  7890 | D:9      | Found a flagged portal.
  7914 | D:9      | Gained mutation: You expend magic power (3 MP) to
                  | strengthen your wands. [evolution]
  8028 | Bailey   | Entered a bailey
  8160 | Bailey   | Shot with a bolt by an orc warrior

Illustrated notes

Levels and vault maps discovered:
D:1:      dpeg_arrival_circle_labyrinth_a, layout_basic, minmay_unequal
D:2:      layout_rooms, nicolae_ru_awakened_eye
D:3:      layout_rooms
D:4:      layout_loops_cross, first_ration, nrook_mini_backslash,
          yredelemnul_altar_generic, uniq_grinder
D:5:      layout_gridville, minmay_temple_entry_offerings, uniq_prince_ribbit1
D:6:      black_bear_nest_2, layout_cave_pools, kennysheep_mini, serial_shops,
          nicolae_shop_behind_doors, xom_teletrap_fun
D:7:      layout_cave_pools, okawaru_gym_becter, uniq_pikel, uniq_menkaure,
          uniq_duvessa, uniq_joseph
D:8:      layout_cave_pools, lemuel_round_altar, basic_altar,
          hangedman_little_slice_of_home, serial_park_tiny_1
D:9:      layout_loops_cross, lightli_temple_of_fire, enter_bailey_8
Temple:   eino_narrow_crystal_temple
Bailey:   bailey_polearm_2, bailey

Skill      XL: |  1  2  3  4  5  6  7  8  9 |
---------------+----------------------------+-----
Spellcasting   | 2 3 4 5 |  5.8
Conjurations   | 1 2 3 4 5 |  5.3
Fighting       | 1 2 |  2.0
Short Blades   | 1 2 |  2.1
Stealth        | 3 4 |  4.9
Armour         | 1 2 3 4 5 |  5.1
Dodging        | 3 4 |  4.3
Fire Magic     | 3 4 5 6 |  6.5
Long Blades    | 1 2 3 4 |  4.6

Action                   |  1- 3 |  4- 6 |  7- 9 || total
-------------------------+-------+-------+-------++-------
Melee: Short sword       |    27 |    35 |       ||    62
       Falchion          |       |     8 |    23 ||    31
       Long sword        |       |       |    38 ||    38
       Dagger            |       |       |    22 ||    22
       Scimitar          |       |       |    13 ||    13
Throw: Dart              |       |     4 |       ||     4
 Cast: Foxfire           |    41 |    65 |   166 ||   272
       Sticky Flame      |       |     1 |    12 ||    13
       Fireball          |       |       |     4 ||     4
 Abil: Heal Wounds       |     1 |     3 |       ||     4
  Use: Scroll            |     1 |     7 |     5 ||    13
       Potion            |       |       |     1 ||     1
 Stab: Sleeping          |     5 |     1 |    11 ||    17
  Eat: Chunk             |     3 |     7 |    11 ||    21
       Ration            |       |       |     2 ||     2
Armor: Robe              |     6 |       |       ||     6
       Leather armour    |       |    21 |    62 ||    83
Dodge: Dodged            |    29 |    69 |   125 ||   223
Block: Other             |     3 |    25 |    41 ||    69
       Reflection        |       |     1 |     5 ||     6
       Rpst.: Falchion   |       |     7 |    10 ||    17
       Long sword        |       |       |    15 ||    15
       Scimitar          |       |       |     3 ||     3
